 Dungeon Crawl Stone Soup version 0.18.1-48-g4cf74bf (webtiles) character file.

2601 Inkary the Grappler (level 9, -2/138 HPs)
             Began as a Troll Monk on July 29, 2016.
             Slain by a troll (7 damage)
             ... on level 9 of the Dungeon.
             The game lasted 00:15:41 (5064 turns).

Inkary the Grappler (Troll Monk)                    Turns: 5064, Time: 00:15:41

Health: -2/138     AC: 24    Str: 21    XL:     9   Next: 33%
Magic:  8/8        EV:  1    Int:  6    God:
Gold:   548        SH:  0    Dex: 15    Spells: 0 memorised, 8 levels left

rFire  . . .     SeeInvis .       - Unarmed
rCold  . . .     Gourm    +     (armour currently unavailable)
rNeg   + + +     Faith    .     (no shield)
rPois  +         Spirit   .     (helmet currently unavailable)
rElec  .         Dismiss  .     (cloak currently unavailable)
rCorr  .         Reflect  .     (gloves unavailable)
SustAt .         Harm     .     (boots unavailable)
MR     .....     NoTele   +     (no amulet)
Stlth  ++........               (no ring)
                                (no ring)

@: tree-form, very slightly contaminated, hasted, very quick, not resistant to
hostile enchantments, unstealthy
A: unfitting armour, (claws 0), fast metabolism 3, gourmand, regeneration 2,
(shaggy fur 0), (tough skin 0)
a: no special abilities


You were on level 9 of the Dungeon.
You were completely stuffed.
You were a tree.
You visited 2 branches of the dungeon, and saw 10 of its levels.

You collected 548 gold pieces.

Inventory:

Armour
 a - a +0 robe (melded)
Jewellery
 e - an uncursed amulet of harm {unknown}
 f - an uncursed amulet of faith {unknown}
 D - an uncursed ring of positive energy {unknown}
 E - an uncursed ring of poison resistance {unknown}
Wands
 k - a wand of enslavement (15/24)
 x - a wand of lightning (5/15)
 y - a wand of paralysis (15/24)
 F - a wand of teleportation (4/9)
Scrolls
 i - a scroll of enchant weapon
 j - a scroll of magic mapping
 o - 2 scrolls of blinking {unknown}
 p - 4 scrolls of fear
 r - 7 scrolls of remove curse
 s - 3 scrolls of enchant armour {unknown}
 u - 2 scrolls of amnesia {unknown}
 v - 3 scrolls of immolation {unknown}
 w - 2 scrolls of teleportation {unknown}
 A - a scroll of silence
 I - a scroll of summoning {unknown}
 J - a scroll of identify
Potions
 c - 2 potions of lignification
 d - a potion of curing
 l - a potion of mutation
 n - a potion of cure mutation
 t - 2 potions of invisibility
 z - a potion of agility
 B - a potion of magic
 C - a potion of heal wounds
Books
 g - a book of Fire

   Spells                             Type                      Level
   a - Ignite Poison                  Fire/Transmutation/Poison    3
   b - Fireball                       Conjuration/Fire             5
   c - Bolt of Fire                   Conjuration/Fire             6
   d - Delayed Fireball               Conjuration/Fire             7
   e - Ring of Flames                 Charms/Fire                  7
Comestibles
 b - 10 bread rations
 h - 7 meat rations
 m - 8 fruits
 q - 2 beef jerkies


   Skills:
 + Level 6.5 Fighting
 - Level 1.1 Armour
 + Level 6.5 Dodging
 - Level 1.1 Stealth
 + Level 8.4 Unarmed Combat


You had 8 spell levels left.
You didn't know any spells.

Dungeon Overview and Level Annotations

Branches:
Dungeon (9/15)             Temple (1/1) D:7
   Lair: D:8-11         Orc: D:9-12

Altars:
Ashenzari
Cheibriados
Fedhas
Gozag
Pakellas
Ru
Sif Muna
Trog
Vehumet
Xom
The Shining One


Innate Abilities, Weirdness & Mutations

You are too large for most types of armour.
((You have claws for hands.))
Your metabolism is lightning-fast.
You like to eat raw meat.
You heal very quickly.
((You are covered in fur (AC +1).))
((You have very tough skin (AC +2).))


Message History

You hit the troll but do no damage.
The troll is heavily wounded.
The troll bites you!
* * * LOW HITPOINT WARNING * * *
The troll claws you but does no damage. The troll claws you!
* * * LOW HITPOINT WARNING * * *
You hit the troll.
The troll is severely wounded.
You hit the troll.
The troll is severely wounded.
The troll bites you but does no damage. The troll claws you but does no damage.
The troll claws you!
* * * LOW HITPOINT WARNING * * *
You hit the troll but do no damage. Your punch misses the troll.
The troll is severely wounded.
You hit the troll but do no damage.
The troll is severely wounded.
The troll bites you but does no damage. The troll claws you but does no damage.
The troll claws you!
You die...

####... ##.....#
#......#
.#.......
........# #####
.....)..#####...#
.....(..........#
........#####...#
........YT♣....)#
......#######...#
...... #####
..... ..###
.#..... .....>#
......# ......#


You could see a troll and an ice beast.

Vanquished Creatures
  The ghost of WarriorsX the Skirmisher, an amateur HuFi (D:4)
  A spriggan (D:7)
  A hungry ghost (D:8)
  The ghost of Inkary the Shield-Bearer, an amateur GrFi (D:3)
  An orc warrior (D:6)
  A phantom (D:8)
  3 ice beasts
  3 ogres
  2 centaurs
  A crocodile (D:8)
  A big kobold (D:8)
  2 giant frogs
  A wyvern zombie (D:9)
  A scorpion (D:5)
  2 hounds
  5 orc priests
  2 jellies
  3 orc wizards
  A giant frog skeleton (D:6)
  An iguana (D:7)
  5 worker ants
  A hound skeleton (D:5)
  A howler monkey zombie (D:8)
  2 worker ant zombies
  8 adders
  An adder zombie (D:6)
  2 adder skeletons (D:7)
  4 worms
  A dart slug (D:1)
  8 giant geckos
  21 orcs
  6 giant cockroaches
  4 goblins
  11 hobgoblins
  A jackal (D:1)
  14 kobolds
  7 quokkas
  A ball python (D:5)
  3 bats
  4 giant newts
  8 rats
147 creatures vanquished.

Vanquished Creatures (others)
  A hydra (D:6)
1 creature vanquished.

Grand Total: 148 creatures vanquished

Notes
Turn   | Place    | Note
--------------------------------------------------------------
     0 | D:1      | Inkary the Troll Monk began the quest for the Orb.
     0 | D:1      | Reached XP level 1. HP: 22/22 MP: 0/0
   126 | D:1      | Reached XP level 2. HP: 29/29 MP: 1/1
   608 | D:1      | Reached XP level 3. HP: 36/36 MP: 2/2
  1281 | D:2      | Found a faded altar to an unknown god.
  1286 | D:2      | Reached XP level 4. HP: 33/45 MP: 3/3
  1442 | D:3      | Reached XP level 5. HP: 53/53 MP: 4/4
  1508 | D:3      | Noticed Inkary's ghost (amateur GrFi)
  1584 | D:3      | Killed Inkary's ghost
  1584 | D:3      | Reached skill level 5 in Unarmed Combat
  1667 | D:3      | Reached XP level 6. HP: 59/62 MP: 5/5
  1914 | D:3      | Found a deep blue altar of Sif Muna.
  2043 | D:4      | Noticed WarriorsX's ghost (amateur HuFi)
  2064 | D:4      | Killed WarriorsX's ghost
  2064 | D:4      | Reached XP level 7. HP: 22/71 MP: 6/6
  2632 | D:5      | Entered Level 5 of the Dungeon
  2683 | D:5      | Reached skill level 6 in Unarmed Combat
  2825 | D:5      | Found a sacrificial altar of Ru.
  2967 | D:5      | Reached skill level 5 in Fighting
  3041 | D:6      | Reached skill level 5 in Dodging
  3050 | D:6      | Found a glowing golden altar of the Shining One.
  3053 | D:6      | Reached XP level 8. HP: 78/80 MP: 7/7
  3153 | D:6      | Reached skill level 7 in Unarmed Combat
  3435 | D:6      | Found an oddly glowing altar of Pakellas.
  3435 | D:6      | Noticed a six-headed hydra
  3446 | D:6      | Killed a six-headed hydra
  4221 | D:7      | Found a staircase to the Ecumenical Temple.
  4231 | Temple   | Entered the Ecumenical Temple
  4375 | D:8      | Reached skill level 8 in Unarmed Combat
  4375 | D:8      | Reached XP level 9. HP: 89/89 MP: 8/8
  4615 | D:8      | Reached skill level 1 in Armour
  5040 | D:9      | Noticed a troll
  5062 | D:9      | HP: 4/138 [troll (7)]
  5064 | D:9      | Slain by a troll

Skill      XL: |  1  2  3  4  5  6  7  8  9 |
---------------+----------------------------+-----
Fighting       | 3 4 5 6 |  6.5
Dodging        | 3 4 5 6 |  6.5
Unarmed Combat | 5 6 8 |  8.4
Armour         | 1 |  1.1
Stealth        | |  1.1

Action                   |  1- 3 |  4- 6 |  7- 9 || total
-------------------------+-------+-------+-------++-------
Melee: Unarmed           |   116 |    94 |   254 ||   464
       Punch             |     1 |       |    10 ||    11
  Use: Potion            |       |     3 |     2 ||     5
       Scroll            |       |       |    15 ||    15
 Stab: Sleeping          |     2 |     1 |     4 ||     7
  Eat: Chunk             |    17 |     7 |    28 ||    52
Armor: Robe              |    35 |    20 |    47 ||   102
       Skin              |       |     3 |    10 ||    13
Dodge: Dodged            |    38 |    30 |   121 ||   189
